 Dungeon Crawl Stone Soup version 0.15.2 (webtiles) character file.

58 Minkie the Vexing (level 3, 24/24 HPs)
             Began as a Vampire Enchanter on Jan 6, 2015.
             Quit the game on Level 2 of the Dungeon.
             The game lasted 00:03:37 (1007 turns).

Minkie the Vexing (Vampire Enchanter)               Turns: 1007, Time: 00:03:37

HP  24/24        AC  4     Str  7      XL: 3   Next: 75%
MP   1/6         EV 12     Int 18      God:
Gold 53          SH  0     Dex 14      Spells:  2 memorised,  3 levels left

rFire  . . .     SeeInvis +     a - +1 dagger
rCold  + . .     Clarity  .     b - +1 robe
rNeg   + + .     rCorr    .     (no shield)
rPois  +         rRot     +     (no helmet)
rElec  .         Spirit   .     (no cloak)
SustAb .         Warding  .     (no gloves)
rMut   .         Stasis   .     e - +0 pair of boots
Gourm  .                        (no amulet)
MR     .....                    (no ring)
                                (no ring)

@: regenerating slowly, not resistant to hostile enchantments, fairly stealthy
A: fangs 3, see invisible, unbreathing
a: Bat Form


You were on level 2 of the Dungeon.
You were thirsty.

You visited 1 branch of the dungeon, and saw 2 of its levels.

You collected 53 gold pieces.

Inventory:

Hand weapons
 a - a +1 dagger (weapon)
Armour
 b - a +1 robe (worn)
 e - a +0 pair of boots (worn)
Scrolls
 g - a scroll of random uselessness {unknown}
 k - a scroll of remove curse {unknown}
Jewellery
 l - a cursed ring of loudness {unknown}
Potions
 d - a potion of blood
 f - a potion of mutation {unknown}
 h - a potion of flight {unknown}
 i - a potion of curing {unknown}
 j - a potion of restore abilities {unknown}
Books
 c - a book of Maledictions

   Spells                             Type                      Level
   *Corona                            Hexes                        1
   Sure Blade                         Hexes/Charms                 2
   *Ensorcelled Hibernation           Hexes/Ice                    2
   Confuse                            Hexes                        3
   Dazzling Spray                     Conjuration/Hexes            3
   Enslavement                        Hexes                        4


   Skills:
 * Level 3.0 Short Blades
 - Level 2.1 Dodging
 + Level 5.0 Stealth
 - Level 2.0 Spellcasting
 + Level 5.2 Hexes


You had 3 spell levels left.
You knew the following spells:

 Your Spells              Type           Power        Failure   Level  Hunger
a - Corona                Hex            ###....      1%          1    #......
b - Ensorcelled Hibernat  Hex/Ice        ##....       12%         2    ##.....


Dungeon Overview and Level Annotations

Branches:
Dungeon (2/15)

Altars:


Innate Abilities, Weirdness & Mutations

You heal slowly.
You have razor-sharp teeth.
You have supernaturally acute eyesight.
You can survive without breathing.


Message History

You feel slightly less thirsty.
You slice the adder!!
You kill the adder!
Your Short Blades skill increases to level 3!
Your Stealth skill increases to level 5!
The kobold throws a stone.
The stone closely misses you.
The kobold throws a stone.
The stone hits you but does no damage.
You see here a stone.
The kobold completely misses you.
Casting: Ensorcelled Hibernation
Confirm with . or Enter, or press ? or * to list all spells.
Aiming: Ensorcelled Hibernation
Press: ? - help, Shift-Dir - straight line, f - kobold
Aim: a kobold, wielding a runed dagger The kobold looks drowsy...
The helpless kobold fails to defend itself.
You bite the kobold, and draw its blood!
You feel slightly less thirsty.
You impale the kobold!!
You kill the kobold!
You see here a runed dagger.
Are you sure you want to abandon this character and quit the game? (Confirm with "yes".)

#######
#####...#######
..###...###...##
..###...###...(##
..##.....##..#..##
..#...#...#..##..#
#.%..###....###%(#
#....###....###..#
##...###...####.@##.#
###############.)(..#
##....# ##...# ##.#
.# #


There were no monsters in sight!

Vanquished Creatures
  3 adders (D:2)
  A worm (D:2)
  An ooze (D:1)
  4 bats
  A giant cockroach (D:2)
  3 hobgoblins (D:1)
  2 giant newts (D:1)
  2 goblins (D:1)
  3 kobolds
  5 rats
25 creatures vanquished.

Notes
Turn   | Place    | Note
--------------------------------------------------------------
     0 | D:1      | Minkie, the Vampire Enchanter, began the quest for the Orb.
     0 | D:1      | Reached XP level 1. HP: 13/13 MP: 3/3
   176 | D:1      | Reached XP level 2. HP: 17/19 MP: 4/4
   180 | D:1      | Learned a level 2 spell: Ensorcelled Hibernation
   524 | D:2      | Reached skill level 5 in Hexes
   553 | D:2      | Reached XP level 3. HP: 21/24 MP: 3/6
   999 | D:2      | Reached skill level 5 in Stealth
  1007 | D:2      | Quit the game

Action                   || total
-------------------------++-------
Melee: Dagger            ||    58
 Cast: Ensorcelled Hiber ||    13
 Stab: Sleeping          ||    15
